[Event "ICC tourney 2541 (3 2)"]
[Site "Internet Chess Club"]
[Date "2021.04.30"]
[Round "11"]
[White "BELOUS, VLADIMIR:Openyagami"]
[Black "POPILSKI, GIL:kurumania"]
[Result "1/2-1/2"]
[ICCResult "Game drawn by repetition"]
[WhiteElo "2602"]
[BlackElo "2514"]
[Opening "English: symmetrical variation"]
[ECO "A30"]
[NIC "EO.64"]
[Time "22:42:12"]
[PlyCount "135"]
[TimeControl "180+2"]

1. c4 c5 2. g3 Nf6 3. Bg2 e6 4. Nf3 Nc6 5. O-O d5 6. b3 dxc4 7. bxc4 e5 8.
Bb2 Bd6 9. Nc3 O-O 10. d3 Re8 11. h3 Bf5 12. Kh2 Qd7 13. e4 Bg6 14. Nd5
Nxd5 15. cxd5 Nd4 16. Nxd4 cxd4 17. f4 f5 18. fxe5 Bxe5 19. exf5 Bxf5 20.
Bc1 h6 21. Bf4 Qd6 22. Rb1 Re7 23. Bxe5 Rxe5 24. Rxb7 Re3 25. Rf3 Rae8 26.
Qa4 Qe5 27. d6 Rxf3 28. Bxf3 Rf8 29. d7 Bxd7 30. Qc4+ Be6 31. Qc6 Qe3 32.
Bg2 h5 33. Qc7 Qg5 34. h4 Qf6 35. Rxa7 Kh8 36. Qd6 Rd8 37. Qc5 Bg4 38. Ra8
Rxa8 39. Bxa8 Qf2+ 40. Bg2 Qxa2 41. Qxd4 Qd2 42. Qe4 Qf2 43. d4 Kg8 44. d5
Qf6 45. Qf4 Qxf4 46. gxf4 Kf7 47. Kg3 Ke7 48. Kf2 Kd6 49. Ke3 Bf5 50. Kd4
Bg6 51. Bf3 Bf7 52. f5 Bg8 53. Be4 Bf7 54. Bh1 Bg8 55. Bg2 Bf7 56. Bf3 Bg8
57. Be2 Bxd5 58. Bxh5 Bg2 59. Bg4 Bc6 60. h5 Ke7 61. Ke5 Bd7 62. Kf4 Kf6
63. Bh3 Bc8 64. Bg4 Bd7 65. Bh3 Bc8 66. Bg4 Bd7 67. Bh3 Bc8 68. Bg4 { Game
drawn by repetition } 1/2-1/2

[Event "ICC tourney 2541 (3 2)"]
[Site "Internet Chess Club"]
[Date "2021.04.30"]
[Round "11"]
[White "CALVELO, JELVIS ARANDELA:JelvisCalvelo04"]
[Black "BERKLEY, DARRIN K:drberkley"]
[Result "0-1"]
[ICCResult "White forfeits on time"]
[WhiteElo "2081"]
[BlackElo "1846"]
[Opening "English opening"]
[ECO "A16"]
[NIC "KI.75"]
[Time "22:42:35"]
[PlyCount "130"]
[TimeControl "180+2"]

1. c4 Nf6 2. Nc3 g6 3. Nf3 Bg7 4. g3 d6 5. Bg2 O-O 6. O-O c6 7. d4 Nbd7 8.
b3 e5 9. Bb2 Re8 10. e4 Qc7 11. d5 Nc5 12. Qe2 a5 13. Rad1 Bd7 14. h3 Rf8
15. Qe3 Nh5 16. Ne2 f5 17. exf5 gxf5 18. Qg5 Nf6 19. Nxe5 dxe5 20. d6 Qd8
21. Bxe5 Nce4 22. Bxe4 fxe4 23. Nf4 Qe8 24. c5 h6 25. Qh4 Qxe5 26. Ng6 Qg5
27. Qxg5 hxg5 28. Nxf8 Rxf8 29. g4 Nd5 30. Rfe1 Re8 31. a3 Bc3 32. Re2 Bf6
33. Rde1 Nc3 34. Re3 Bd4 35. Rg3 Nd5 36. b4 e3 37. fxe3 Nxe3 38. Kh1 axb4
39. axb4 Nc2 40. Rxe8+ Bxe8 41. Rg2 Ne3 42. Rd2 Bc3 43. Rd3 Nd5 44. b5 Bd7
45. b6 Kf7 46. Rf3+ Ke6 47. Rf5 Bb4 48. Rxg5 Bxc5 49. Rg6+ Kf7 50. Rh6 Ke8
51. Rh8+ Kf7 52. Rb8 Ke6 53. Rxb7 Bxd6 54. Kg2 c5 55. h4 c4 56. Ra7 c3 57.
Ra2 Bf4 58. Kf3 Nb4 59. Re2+ Be5 60. b7 Na6 61. h5 Bc6+ 62. Kf2 Bxb7 63. h6
Kf6 64. Rxe5 Kg6 65. g5 Nb4 { White forfeits on time } 0-1

[Event "ICC tourney 2541 (3 2)"]
[Site "Internet Chess Club"]
[Date "2021.04.30"]
[Round "11"]
[White "ALEKSANDROV, ALEKSEJ:Aleksandrov73"]
[Black "SLADE, THEODORE LUKE:MrNormalName"]
[Result "1-0"]
[ICCResult "Black forfeits on time"]
[WhiteElo "2623"]
[BlackElo "2170"]
[Opening "Nimzo-Indian: Reshevsky variation"]
[ECO "E46"]
[NIC "NI.10"]
[Time "22:50:40"]
[PlyCount "105"]
[TimeControl "180+2"]

1. d4 Nf6 2. c4 e6 3. Nc3 Bb4 4. e3 O-O 5. Ne2 c6 6. Bd2 d5 7. cxd5 exd5 8.
g3 Bf5 9. Bg2 Nbd7 10. O-O Re8 11. f3 h5 12. h3 Nb6 13. b3 Qd7 14. g4 hxg4
15. hxg4 Bd3 16. Rf2 Bd6 17. Nf4 Bh7 18. Nce2 a5 19. g5 Ng4 20. fxg4 Qxg4
21. g6 Bxg6 22. Nxg6 Qxg6 23. Nf4 Qh6 24. Qf3 Re7 25. a4 Nd7 26. Qh3 Qg5
27. Rf3 g6 28. Raf1 Kg7 29. Rg3 Qh6 30. Qxh6+ Kxh6 31. e4 Kg7 32. e5 Bb4
33. Bxb4 axb4 34. e6 Nf8 35. exf7 Rxf7 36. Nd3 Rxf1+ 37. Kxf1 Ne6 38. Rg4
Rf8+ 39. Kg1 Kh6 40. Nc5 Nxc5 41. dxc5 Rd8 42. Rxb4 d4 43. Kf2 Rd7 44. Ke2
d3+ 45. Kd2 Kg5 46. Be4 Kf6 47. Bxd3 g5 48. a5 Ke5 49. Ke3 Rf7 50. Re4+ Kd5
51. Bc4+ Kxc5 52. Bxf7 b6 53. a6 { Black forfeits on time } 1-0